 Dungeon Crawl Stone Soup version 0.31-a0-840-g6d2ecbb638 (webtiles) character file.

Game seed: 2542269252499604551

768 Ivernyr the Twirler (level 7, 0/38 HPs)
             Began as a Vine Stalker Gladiator on Sept 27, 2023.
             Slain by Duvessa
             ... wielding a +0 short sword
              (9 damage)
             ... on level 4 of the Dungeon.
             The game lasted 00:08:45 (3432 turns).

Ivernyr the Twirler (Vine Stalker Gladiator)        Turns: 3432, Time: 00:08:45

Health: 0/38       AC: 10    Str: 18    XL:     7   Next: 82%
Magic:  0/17       EV: 14    Int:  8    God:
Gold:   242        SH:  0    Dex: 16    Spells: 6/6 levels left

rFire   . . .        a - +0 quarterstaff
rCold   + . .        (shield currently unavailable)
rNeg    . . .        b - +1 robe {rC+}
rPois   .            c - +0 helmet
rElec   .            r - +0 cloak
rCorr   .            (no gloves)
SInv    .            i - +0 pair of boots
Will    .....        (no amulet)
Stlth   +            f - ring of magical power
HPRegen 1.06/turn    j - +4 ring of protection
MPRegen 0.15/turn

%: guardian spirit
@: no status effects
A: fangs 2, regeneration 1, magic shield, antimagic bite, no potion heal 2
a: no special abilities


You were on level 4 of the Dungeon.
You visited 1 branch of the dungeon, and saw 4 of its levels.

You collected 242 gold pieces.

Inventory:

Hand Weapons
 a - a +0 quarterstaff (weapon)
Missiles
 d - 3 throwing nets (quivered)
 e - a javelin
Armour
 b - a +1 robe of cold resistance (worn)
 c - a +0 helmet (worn)
 i - a +0 pair of boots (worn)
 r - a +0 cloak (worn)
Jewellery
 f - a ring of magical power (left hand)
 j - a +4 ring of protection (right hand)
 m - a ring of resist corrosion
Scrolls
 h - 5 scrolls of identify {unknown}
 k - a scroll of torment {unknown}
 o - a scroll of butterflies {unknown}
 q - 2 scrolls of poison {unknown}
Potions
 g - 3 potions of curing {unknown}
 l - 2 potions of brilliance {unknown}
 n - a potion of mutation {unknown}
 p - 2 potions of attraction {unknown}
 s - a potion of ambrosia {unknown}
 t - a potion of cancellation {unknown}
 u - a potion of might {unknown}


   Skills:
 + Level 4.8 Fighting
 + Level 5.1 Staves
 - Level 1.7 Throwing
 + Level 4.7 Dodging


You had 6 spell levels left.
You didn't know any spells.
Your spell library contained the following spells:

 Spells                   Type           Power      Damage    Failure   Level
 Necrotise                Necr           0%         1d4       41%         1
 Sting                    Tmut/Pois      0%         1d3       41%         1
 Poisonous Vapours        Pois/Air       0%         N/A       54%         2
 Vampiric Draining        Necr           0%         2d6       78%         3
 Olgreb's Toxic Radiance  Pois           0%         N/A       99%         4
 Agony                    Necr           0%         N/A       100%        5


Dungeon Overview and Level Annotations

Branches:
Dungeon (4/15)
 Temple: D:4-7

Altars:
Cheibriados

Annotations:
D:4 Duvessa


Innate Abilities, Weirdness & Mutations

You have extremely sharp teeth.
Your natural rate of healing is unusually fast.
When hurt, damage is shared between your health and your magic reserves.
Your bite disrupts and absorbs the magic of your enemies.
Potions cannot restore your health.


Message History

The gnoll is heavily wounded.
The gnoll hits you with a +0 club.
You sock the gnoll!
You kill the gnoll!
You sock the gnoll! You bite the gnoll.
You kill the gnoll!
Items here: ))) †.
You see here a +0 short sword.
Done exploring.
Done exploring.
What level of the Dungeon? (default 4, ? - help)
There is a stone staircase leading down here.
Duvessa is nearby!
Duvessa shouts!
Duvessa goes berserk!
Duvessa attacks as she pursues you! Duvessa hits you with a +0 short sword.
Duvessa hits you with a +0 short sword. Duvessa closely misses you.
You hit Duvessa but do no damage. Duvessa hits you with a +0 short sword!
You hit Duvessa but do no damage. You bite Duvessa, but do no damage.
Duvessa hits you with a +0 short sword. x2
You sock Duvessa! You bite Duvessa, but do no damage.
Duvessa is lightly wounded.
Duvessa closely misses you.
You closely miss Duvessa. You bite Duvessa, but do no damage.
Duvessa is lightly wounded.
Duvessa hits you with a +0 short sword. Duvessa hits you with a +0 short sword!
You hit Duvessa but do no damage. You bite Duvessa, but do no damage.
Duvessa is lightly wounded.
Duvessa completely misses you. Duvessa closely misses you.
You hit Duvessa but do no damage. Your bite misses Duvessa.
Duvessa is lightly wounded.
Duvessa hits you with a +0 short sword!
* * * LOW HITPOINT WARNING * * *
You hit Duvessa but do no damage. You bite Duvessa, but do no damage.
Duvessa is lightly wounded.
Duvessa hits you with a +0 short sword.
* * * LOW HITPOINT WARNING * * *
Duvessa hits you with a +0 short sword!
You die...

.##...####.##...........#########
.##........#..............<#
.##...######.##.##.....#####
..+...'................#
###...######.####.....)######
..#####....#................# ..#
#.##..................# ..#
#.##########.##.......##### ..#
#.........@e....>.......... ..#
#...#############.....#####
..#####...# #.....# ..........#
#.....# #.#####...# #.....#
....(.....# #####.# #.####....#
#.# #.# ##....## #.# #.# #......#
#.#


You could see Duvessa (berserk).

Vanquished Creatures
  2 sky beasts
  A phantom (D:4)
  2 scorpions
  Dowan (D:4)
  An orc priest (D:4)
  A hound (D:4)
  An iron imp (D:3)
  Natasha (twice) (D:3)
  2 iguanas (D:4)
  4 gnolls (D:4)
  4 adders
  A river rat (D:4)
  A dart slug (D:3)
  6 orcs
  2 bats
  7 endoplasms
  4 giant cockroaches (D:1)
  6 goblins
  4 hobgoblins
  2 jackals (D:1)
  4 quokkas
  8 ball pythons
  4 frilled lizards
  5 kobolds
  7 rats
82 creatures vanquished.

Notes
Turn   | Place    | Note
-------+----------+-------------------------------------------
     0 | D:1      | Ivernyr the Vine Stalker Gladiator began the quest for the
                  | Orb.
     0 | D:1      | Reached XP level 1. HP: 11/11 MP: 2/2
   119 | D:1      | Reached XP level 2. HP: 15/15 MP: 3/3
   296 | D:1      | Reached skill level 3 in Staves
   617 | D:1      | Reached XP level 3. HP: 18/18 MP: 4/4
   651 | D:1      | Found a faded altar of an unknown god.
  1329 | D:2      | You fall into a shaft and drop 2 floors!
  1413 | D:3      | Identified the staff "Hoavvoisk" {rPois rF+ Dex+2 Poison}
  1746 | D:3      | Noticed Natasha
  1752 | D:3      | Killed Natasha
  1753 | D:3      | Reached XP level 4. HP: 23/23 MP: 5/5
  1790 | D:3      | Noticed a scorpion
  1795 | D:3      | Killed a scorpion
  1796 | D:3      | Reached XP level 5. HP: 28/28 MP: 6/6
  1952 | D:3      | Noticed Natasha
  1953 | D:3      | Found a snail-covered altar of Cheibriados.
  1960 | D:3      | Killed Natasha
  2066 | D:3      | Noticed a sky beast
  2078 | D:3      | Killed a sky beast
  2079 | D:3      | Reached skill level 4 in Staves
  2079 | D:3      | Reached XP level 6. HP: 28/33 MP: 7/7
  2653 | D:4      | Noticed a sky beast
  2677 | D:4      | Killed a sky beast
  2678 | D:4      | Reached XP level 7. HP: 30/37 MP: 8/8
  2938 | D:4      | Noticed Dowan
  2938 | D:4      | Noticed Duvessa
  2997 | D:4      | Killed Dowan
  3053 | D:4      | Reached skill level 5 in Staves
  3432 | D:4      | Slain by Duvessa

Illustrated notes

Levels and vault maps discovered:
D:1:      dpeg_arrival_three_bigger_balls, layout_basic,
          ebering_ecumenical_altar_petrified, st_stairs_8
D:2:      layout_loops_cross
D:3:      layout_loops_ring, slow_altar_2, uniq_natasha
D:4:      layout_basic, portal_sewer_entry_e, uniq_duvessa

Skill      XL: |  1  2  3  4  5  6  7 |
---------------+----------------------+-----
Fighting       | 2 3 4 |  4.8
Staves         | 3 4 5 |  5.1
Dodging        | 3 4 |  4.7
Throwing       | |  1.7

Action                     |  1- 3 |  4- 6 |  7- 9 || total
---------------------------+-------+-------+-------++-------
  Melee: Quarterstaff      |    67 |    97 |    78 ||   242
         Bite              |    14 |    29 |    28 ||    71
   Stab: Sleeping          |     3 |       |       ||     3
 Armour: Leather armour    |    20 |       |       ||    20
         Robe              |     4 |    57 |    46 ||   107
  Dodge: Dodged            |    37 |    50 |    58 ||   145

Table legend: (Time is in decaauts)
 A = Elapsed time spent in this place.
 B = Non-inter-level travel time spent in this place.
 C = Inter-level travel time spent in this place.
 D = Time resting spent in this place.
 E = Time spent auto-exploring this place.
 F = Levels seen in this place.
 G = Mean time per level.
                   A        B        C        D        E       F      G
               +--------+--------+--------+--------+--------+-----+--------+
         Total |   3458 |   3288 |    170 |      0 |   2506 |   4 |  864.5 |
       Dungeon |   3458 |   3288 |    170 |      0 |   2506 |   4 |  864.5 |
               +--------+--------+--------+--------+--------+-----+--------+

Top non-repeatable levels by time:
     D:4: 1081 daAuts
     D:1: 876 daAuts
     D:2: 760 daAuts
     D:3: 740 daAuts
